 Dungeon Crawl Stone Soup version 0.32-a0-675-gdc239d62e1 (webtiles) character file.

Game seed: 44217509264167380

635230 seren the Slayer (level 27, -6/242 (243) HPs)
             Began as a Minotaur Fighter on Mar 9, 2024.
             Was the Champion of Beogh.
             Mangled by Ceodeuk the pandemonium lord (24 damage)
             ... on level 1 of the Realm of Zot on Mar 11, 2024.
             The game lasted 05:19:12 (70473 turns).

seren the Slayer (Minotaur Fighter)                Turns: 70473, Time: 05:19:13

HP:   -6/242 (243)  AC: 35    Str: 29    XL:     27
MP:   30/30         EV: 27    Int:  4    God:    Beogh [******]
Gold: 2087          SH:  0    Dex: 14    Spells: 26/26 levels left

rFire   + . .        a - +9 bardiche (venom)
rCold   + . .        (shield currently unavailable)
rNeg    . . .        I - +8 gold dragon scales
rPois   +            (helmet unavailable)
rElec   +            X - +2 cloak
rCorr   .            R - +2 pair of gloves {hurl}
SInv    +            W - +0 pair of boots
Will    +++++        Y - amulet of regeneration Stlth
                     G - ring of Kuntaf {rPois Will+++ EV+5 Int-5 SInv}
HPRegen 1.40/turn    r - ring "Jeifutiw" {rElec EV+5 Int+2 SInv Stlth+}
MPRegen 0.22/turn

%: no passive effects
@: corroded, studying Long Blades, lightly drained
A: walk on water, horns 3, retaliatory headbutt, deformed body, frail 1,
devolution 1, persistent drain
0: Orb of Zot
}: 3/15 runes: barnacled, silver, gossamer
a: Renounce Religion, Smiting, Recall Apostles, Blood for Blood, Dismiss Gorg,
priest, Dismiss Orgrim, warrior, Dismiss Olfik, priest


You were on level 1 of the Realm of Zot.
You worshipped Beogh.
Beogh was exalted by your worship.
You visited 11 branches of the dungeon, and saw 51 of its levels.
You visited 1 bazaar.
You also visited: Ossuary, Gauntlet and Ice Cave.

You collected 9472 gold pieces.
You spent 7385 gold pieces at shops.

Inventory:

Hand Weapons
 a - a +9 bardiche of venom (weapon)
 b - a +6 antimagic trident
 w - the +18 lance "Wyrmbane" {slay drac, rPois rF+ rC+ AC+3}
   (You found it on level 2 of the Depths)

   AC+3:      It affects your AC (+3).
   rF+:       It protects you from fire.
   rC+:       It protects you from cold.
   rPois:     It protects you from poison.
Missiles
 l - 19 silver javelins (quivered)
 v - 27 boomerangs
 T - 11 throwing nets {!f}
Armour
 d - a +2 hat
 I - +8 gold dragon scales (worn)
 R - a +2 pair of gloves of hurling (worn)
 W - a +0 pair of boots (worn)
 X - a +2 cloak (worn)
Jewellery
 r - the ring "Jeifutiw" (right hand) {rElec EV+5 Int+2 SInv Stlth+}
   (You took it off a deep elf annihilator on level 3 of the Elven Halls)

   [ring of evasion]

   EV+5:      It affects your evasion (+5).
   Int+2:     It affects your intelligence (+2).
   rElec:     It insulates you from electricity.
   SInv:      It lets you see invisible.
   Stlth+:    It makes you more stealthy.
 u - the ring "Vusmer" {+Blink Will+ Slay+2 Stlth+}
   (You acquired it on level 6 of the Dungeon)

   [ring of willpower]

   Slay+2:    It affects your accuracy & damage with ranged weapons and melee
   (+2).
   Will+:     It increases your willpower.
   +Blink:    It lets you blink.
   Stlth+:    It makes you more stealthy.
 x - a ring of resist corrosion
 y - the amulet "Noizi" {Spirit rElec Str+3}
   (You took it off a vault guard on level 5 of the Vaults)

   [amulet of guardian spirit]

   Spirit:    It causes incoming damage to be divided between your reserves of
   health and magic.
   Str+3:     It affects your strength (+3).
   rElec:     It insulates you from electricity.
 D - the ring "Xiem" {Ice rN+++ Will+ Str+3 Dex-3}
   (You found it in a Gauntlet)

   [ring of ice]

   Ice:       It enhances your ice magic.
   Str+3:     It affects your strength (+3).
   Dex-3:     It affects your dexterity (-3).
   rF-:       It makes you vulnerable to fire.
   rC+:       It protects you from cold.
   rN+++:     It renders you almost immune to negative energy.
   Will+:     It increases your willpower.
 G - the ring of Kuntaf (left hand) {rPois Will+++ EV+5 Int-5 SInv}
   (You found it in a Gauntlet)

   [ring of evasion]

   EV+5:      It affects your evasion (+5).
   Int-5:     It affects your intelligence (-5).
   rPois:     It protects you from poison.
   Will+++:   It greatly increases your willpower.
   SInv:      It lets you see invisible.
 L - a ring of protection from cold
 P - a ring of protection from fire
 Y - an amulet of regeneration (around neck)
Wands
 f - a wand of mindburst (6)
 p - a wand of quicksilver (53)
 C - a wand of roots (62)
 J - a wand of paralysis (41)
 Z - a wand of digging (22)
Scrolls
 h - a scroll of immolation
 i - 6 scrolls of revelation
 k - 8 scrolls of silence
 m - 4 scrolls of fear
 n - 2 scrolls of noise
 s - 7 scrolls of teleportation {!r}
 z - 3 scrolls of butterflies
 H - 5 scrolls of fog
 N - 6 scrolls of vulnerability
 S - 9 scrolls of blinking {!r}
Potions
 c - a potion of haste
 g - 6 potions of heal wounds
 j - 8 potions of cancellation
 q - 6 potions of berserk rage
 t - 5 potions of invisibility
 B - 4 potions of resistance
 E - 12 potions of enlightenment
 K - 16 potions of curing
 M - 4 potions of mutation {!q}
 Q - 3 potions of ambrosia
 V - a potion of might
Miscellaneous
 o - a phantom mirror (inert)
 A - a lightning rod (4/4)
 F - a phial of floods
 U - a condenser vane


   Skills:
 + Level 26.5 Fighting
 + Level 25.5 Polearms
 - Level 15.0 Throwing
 + Level 26.5 Armour
 + Level 24.2 Dodging
 - Level 8.0 Shields
 - Level 11.0 Invocations
 - Level 15.0 Evocations


You had 26 spell levels left.
You didn't know any spells.
Your spell library contained the following spells:

 Spells                   Type           Power      Damage    Failure   Level
 Magic Dart               Conj           0%         1d3       97%         1
 Necrotise                Necr           0%         1d4       97%         1
 Sandblast                Erth           0%         2d4       97%         1
 Shock                    Conj/Air       0%         1d3       97%         1
 Sting                    Conj/Alch      0%         1d3       97%         1
 Summon Small Mammal      Summ           0%         N/A       97%         1
 Blink                    Tloc           0%         N/A       99%         2
 Call Imp                 Summ           0%         N/A       99%         2
 Cigotuvi's Dreadful Rot  Necr/Alch/Air  0%         N/A       99%         2
 Ensorcelled Hibernation  Hex/Ice        0%         N/A       99%         2
 Lesser Beckoning         Tloc           0%         N/A       99%         2
 Mercury Vapours          Alch/Air       0%         N/A       99%         2
 Scorch                   Fire           0%         2d5       99%         2
 Searing Ray              Conj           0%         2d4       99%         2
 Static Discharge         Conj/Air       0%         3-3/arc   99%         2
 Call Canine Familiar     Summ           0%         N/A       100%        3
 Dazzling Flash           Conj/Hex       0%         N/A       100%        3
 Fugue of the Fallen      Necr           0%         N/A       100%        3
 Gell's Gravitas          Tloc           0%         N/A       100%        3
 Inner Flame              Hex/Fire       0%         N/A       100%        3
 Mephitic Cloud           Conj/Alch/Air  0%         N/A       100%        3
 Ozocubu's Armour         Ice            0%         N/A       100%        3
 Passwall                 Erth           0%         N/A       100%        3
 Stone Arrow              Conj/Erth      0%         3d7       100%        3
 Summon Ice Beast         Ice/Summ       0%         N/A       100%        3
 Swiftness                Air            0%         N/A       100%        3
 Teleport Other           Tloc           0%         N/A       100%        3
 Tukima's Dance           Hex            0%         N/A       100%        3
 Vampiric Draining        Necr           0%         2d6       100%        3
 Volatile Blastmotes      Fire/Tloc      0%         2d10      100%        3
 Airstrike                Air            0%         2d(0-16)  100%        4
 Anguish                  Hex/Necr       0%         N/A       100%        4
 Animate Armour           Summ/Erth      0%         N/A       100%        4
 Animate Dead             Necr           0%         N/A       100%        4
 Brom's Barrelling Bould  Conj/Erth      0%         2d3       100%        4
 Cause Fear               Hex            0%         N/A       100%        4
 Flame Wave               Conj/Fire      0%         2d4       100%        4
 Fulminant Prism          Conj/Alch      0%         3d5       100%        4
 Ignite Poison            Fire/Alch      0%         N/A       100%        4
 Iskenderun's Mystic Bla  Conj/Tloc      0%         2d3       100%        4
 Leda's Liquefaction      Alch/Erth      0%         N/A       100%        4
 Manifold Assault         Tloc           0%         N/A       100%        4
 Martyr's Knell           Necr/Summ      0%         N/A       100%        4
 Olgreb's Toxic Radiance  Alch           0%         N/A       100%        4
 Passage of Golubria      Tloc           0%         N/A       100%        4
 Petrify                  Alch/Erth      0%         N/A       100%        4
 Sticky Flame             Fire/Alch      0%         2d4       100%        4
 Summon Blazeheart Golem  Fire/Summ      0%         N/A       100%        4
 Summon Lightning Spire   Summ/Air       0%         N/A       100%        4
 Alistair's Intoxication  Alch           0%         N/A       100%        5
 Borgnjor's Vile Clutch   Necr/Erth      0%         N/A       100%        5
 Curse of Agony           Necr           0%         N/A       100%        5
 Fireball                 Conj/Fire      0%         3d3       100%        5
 Freezing Cloud           Conj/Ice/Air   0%         6-21      100%        5
 Iskenderun's Battlesphe  Conj           0%         2d6       100%        5
 Lee's Rapid Deconstruct  Erth           0%         3d4*      100%        5
 Metabolic Englaciation   Hex/Ice        0%         N/A       100%        5
 Silence                  Hex/Air        0%         N/A       100%        5
 Yara's Violent Unravell  Hex/Alch       0%         3d3       100%        5
 Bombard                  Conj/Erth      0%         9d1       100%        6
 Conjure Ball Lightning   Conj/Air       0%         3x3d6     100%        6
 Death Channel            Necr           0%         N/A       100%        6
 Dispersal                Tloc           0%         N/A       100%        6
 Eringya's Noxious Bog    Alch           0%         4d6       100%        6
 Sculpt Simulacrum        Ice/Alch       0%         N/A       100%        6
 Starburst                Conj/Fire      0%         6d3       100%        6
 Summon Cactus Giant      Summ           0%         N/A       100%        6
 Enfeeble                 Hex            0%         N/A       100%        7
 Malign Gateway           Summ/Tloc      0%         N/A       100%        7
 Orb of Destruction       Conj           0%         9d5       100%        7
 Ozocubu's Refrigeration  Ice            0%         4d7       100%        7
 Spellforged Servitor     Conj/Summ      0%         N/A       100%        7
 Disjunction              Tloc           0%         N/A       100%        8
 Ignition                 Fire           0%         3d3       100%        8
 Lehudib's Crystal Spear  Conj/Erth      0%         10d2      100%        8
 Maxwell's Capacitive Co  Air            0%         ∞         100%        8
 Summon Horrible Things   Summ           0%         N/A       100%        8
 Fire Storm               Conj/Fire      0%         5d1       100%        9
 Polar Vortex             Ice            0%         N/A       100%        9


Dungeon Overview and Level Annotations

Branches:
Dungeon (15/15)            Temple (1/1) D:4            Lair (5/5) D:9
 Shoals (4/4) Lair:2       Spider (4/4) Lair:3        Slime (0/5) Lair:4
    Orc (2/2) D:11            Elf (3/3) Orc:2        Vaults (5/5) D:13
  Crypt (3/3) Vaults:3       Tomb (0/3) Crypt:3      Depths (4/4) D:15
    Zot (5/5) Depths:4    Ossuary (visited)           IceCv (visited)
Gauntlet (visited)

Altars:
Ashenzari
Cheibriados
Dithmenos
Elyvilon
Fedhas
Gozag
Hepliaklqana
Kikubaaqudgha
Makhleb
Nemelex Xobeh
Okawaru
Qazlal
Ru
Sif Muna
Trog
Uskayaw
Vehumet
Wu Jian
Xom
Yredelemnul
Zin
The Shining One
Beogh
Jiyva
Lugonu

Shops:
D:6 !   D:12 ?*::   D:13 =   D:14 (   Orc:2 **(!(   Shoals:3 [   Vaults:4 [
Depths:4 ([[(

Portals:
Hell: Depths:1 Depths:2 Depths:3 Depths:4
Abyss: Depths:3
Pandemonium: Depths:2
Ziggurat: Depths:3

Annotations:
Temple 2 transporters
Crypt:1 1 runed translucent door, Xehiysch's ghost, veteran OpSu
Depths:2 2 runed translucent doors


Innate Abilities, Weirdness & Mutations

You can walk on water.
Your facial features are unmistakably orcish.
You have a pair of large horns on your head.
You reflexively headbutt those who attack you in melee.
Armour fits poorly on your strangely shaped body.
You are frail. (-10% HP)
You have hidden genetic defects.
Your health recovers twice as slowly from being drained.


Message History

Ceodeuk is heavily wounded.
Ceodeuk closely misses you.
Ceodeuk hits Ceodeuk but does no damage.
The ice devil barely misses you. You furiously retaliate!
You headbutt the ice devil! You carve Ceodeuk like a ham!!!
Your headbutt misses Ceodeuk.
Ceodeuk is severely wounded.
Ceodeuk shimmers and vanishes!
Your ynoxinul disappears in a puff of smoke!
Your rust devil disappears in a puff of smoke!
Ceodeuk hits you but does no damage. Ceodeuk completely misses you.
You hit Ceodeuk but do no damage.
Ceodeuk looks as sick as possible!
Ceodeuk is severely wounded.
Ceodeuk hits you!!
* * * LOW HITPOINT WARNING * * *
The ice devil barely misses you.
You hit Ceodeuk but do no damage.
Ceodeuk is severely wounded.
Ceodeuk completely misses you. You furiously retaliate!
You headbutt Ceodeuk!
Orgrim hits Ceodeuk with a +0 long sword of holy wrath.
Ceodeuk convulses.
The ice devil completely misses you.
You hit Ceodeuk but do no damage. You headbutt Ceodeuk, but do no damage.
Ceodeuk is severely wounded.
Ceodeuk hits you!
* * * LOW HITPOINT WARNING * * *
Ceodeuk hits you!!
* * * LOW HITPOINT WARNING * * *
Orgrim hits Ceodeuk with a +0 long sword of holy wrath!
Ceodeuk convulses!
You barely miss Ceodeuk. You headbutt Ceodeuk, but do no damage.
Ceodeuk is almost dead.
Ceodeuk completely misses you. The ice devil barely misses you.
You furiously retaliate!
You headbutt the ice devil. You slash Ceodeuk!
You headbutt Ceodeuk, but do no damage.
Ceodeuk is almost dead.
Ceodeuk hits you!!!
* * * LOW HITPOINT WARNING * * *
Orgrim hits Ceodeuk but does no damage.
The ice devil completely misses you. You furiously retaliate!
You headbutt the ice devil!! Ceodeuk hits you!!
You die...

#........#.........####*****§§§.
#'##....##...##...##~~*~~**~≈...
##.##....##...##...#*~~~~~~~~....
.)[#...........#..##~~~,,,,~~..q.
.).#...........#.##~~~,,,,..≈....
...#...........###~~~,,,,,.......
...#..........^...,,,,,,,,.......
...#.......&...###~~~,,,,,.......
...#.......4...#@##~~~,,,,..≈....
...#...........#4&#*~~~,,,.≈≈....
#..####+###..###4o#**~~~~~≈≈§....
#..#*,,,###..###.†###~~*~~*#≈≈...
*...,,,,#....4......#####**##.≈..
*,,,,,,,#................,,,#≈§..
*,,,,,,,#................,,,##≈.≈
*,,,,,,,#................,,,,#≈≈§
*,,,,,,,#................,,,,####


You could see Ceodeuk (fast, extremely poisoned, ally target), an ice devil, a
chaos spawn and the friendly Orgrim the orc apostle.

Vanquished Creatures
  2 pandemonium lords
  2 dread liches
  5 orbs of fire
  3 ancient liches
  A juggernaut (Depths:2)
  Vv (Depths:2)
  2 curse toes
  3 Killer Klowns (Zot:5)
  5 golden dragons
  Jory (Vaults:4)
  3 bone dragons
  the Enchantress (Depths:3)
  3 electric golems
  A hellephant (Zot:1)
  15 tentacled monstrosities
  25 Orb Guardians
  Rupert (Spider:1)
  Grunn (Depths:4)
  A deep elf blademaster (Elf:3)
  2 titans (Vaults:5)
  6 sphinxes
  3 liches
  2 ancient champions
  A deep elf master archer (Elf:3)
  10 death cobs
  10 quicksilver dragons
  Polyphemus (Shoals:4)
  10 storm dragons
  Roxanne (Elf:3)
  An orc apostle (Elf:3)
  A revenant (Crypt:1)
  Aizul (Spider:4)
  8 shadow dragons
  A protean progenitor (Zot:4)
  5 tengu reavers
  4 draconian monks
  3 draconian knights
  4 frost giants
  3 fire giants
  4 iron dragons
  A deep elf sorcerer (Elf:1)
  3 draconian scorchers
  4 draconian shifters
  A balrug (Zot:4)
  4 emperor scorpions
  A ghost moth (Zot:5)
  2 caustic shrike zombies (Crypt:3)
  11 vault wardens
  An orc warlord (Depths:3)
  A draconian stormcaller (Zot:1)
  8 ghouls
  2 deep elf elementalists
  2 reapers
  9 stone giants
  14 ironbound preservers
  A demonspawn corrupter (Zot:5)
  18 very ugly things
  6 ironbound thunderhulks
  A demonspawn blood saint (Zot:5)
  4 draconian annihilators
  A vampire knight (Depths:2)
  5 deep elf demonologists
  3 deep elf death magi
  2 putrid mouths (Depths:3)
  5 black draconians
  8 spark wasps
  9 green draconians
  A deep elf annihilator (Elf:1)
  2 minotaurs (Shoals:4)
  14 yellow draconians
  A war gargoyle (Vaults:3)
  The ghost of Konar the Skirmisher, a journeyman CoHu of Hepliaklqana (Lair:3)
  5 dire elephants
  6 purple draconians
  6 red draconians
  8 white draconians
  5 ettins
  3 eidola (Crypt:3)
  A blizzard demon (Zot:5)
  3 merfolk impalers
  A crystal guardian (Vaults:3)
  A jiangshi (Crypt:1)
  4 fire dragons
  A spectral kraken (Shoals:2)
  7 yaktaur captains
  A deep elf high priest (Vaults:5)
  2 entropy weavers
  9 great orbs of eyes
  4 ironbound frosthearts
  4 ice dragons
  2 peacekeepers
  3 hydras
  An ogre mage (Vaults:5)
  A radroach (Spider:2)
  2 rakshasas
  18 vault guards
  A hell beast (Depths:2)
  A salamander tyrant (Depths:2)
  A catoblepas (Shoals:4)
  2 spriggan air magi
  3 two-headed ogres
  Erica (D:10)
  A jorogumo (Spider:3)
  A death knight (Crypt:3)
  15 dancing weapons
  11 satyrs
  9 centaur warriors
  A deep troll shaman (Vaults:5)
  2 merfolk aquamancers (Shoals:4)
  An anaconda (Zot:4)
  2 tengu warriors
  3 death yaks (Shoals:4)
  3 deep troll earth magi
  2 vampire magi
  4 orc high priests
  8 hell knights
  3 demonic crawlers
  A shock serpent (shapeshifter) (Vaults:5)
  Sonja (D:12)
  A soul eater (Vaults:3)
  3 spriggan berserkers
  18 skeletal warriors
  6 deep elf knights
  3 sun demons
  5 skysharks
  2 iron trolls
  A sixfirhy (Zot:1)
  A quicksilver dragon simulacrum (Depths:2)
  10 sea snakes
  6 orb spiders
  A bunyip zombie (Crypt:3)
  2 pharaoh ants
  An iron giant zombie (Crypt:3)
  31 deep trolls
  A deep troll (shapeshifter) (Vaults:5)
  A glowing orange brain (shapeshifter) (Vaults:5)
  9 lindwurms
  2 bog bodies (Crypt:2)
  3 sun moths
  3 flayed ghosts
  23 deep elf pyromancers
  5 steelbarb worms
  5 arcanists
  13 ironbound convokers
  3 thermic dynamos
  15 phantasmal warriors
  8 deep elf archers
  4 orc knights
  15 wolf spiders
  12 harpies
  2 necromancers
  2 fauns (shapeshifter) (Vaults:5)
  8 deep elf zephyrmancers
  28 ugly things
  4 cyclopes
  17 fauns
  16 manticores
  A moth of wrath (shapeshifter) (Vaults:4)
  3 orc sorcerers
  A naga zombie (Crypt:3)
  5 meliai
  Maurice (D:12)
  A salamander (Depths:3)
  A black mamba (shapeshifter) (D:14)
  A black mamba (Lair:1)
  24 moths of wrath
  An ice statue (IceCv)
  A mana viper zombie (Crypt:2)
  3 water nymphs
  4 merfolk sirens
  An alligator snapping turtle zombie (Crypt:3)
  2 torpor snails
  A molten gargoyle (Lair:5)
  11 vault sentinels
  5 gargoyles
  The ghost of t4s4d4r the Cudgeller, a novice CoFi (D:6)
  13 cane toads
  14 yaktaurs
  7 kobold demonologists
  An unseen horror (D:12)
  6 rime drakes
  2 freezing wraiths
  A tormentor (Zot:1)
  2 anaconda simulacra (IceCv)
  2 ice devils (IceCv)
  A spectral merfolk (Shoals:2)
  9 komodo dragons (Lair:5)
  Psyche (D:9)
  2 guardian mummies (Crypt:3)
  21 merfolk
  A sea snake skeleton (Crypt:1)
  8 trolls
  A sun moth zombie (Crypt:2)
  3 harpy zombies (Crypt:3)
  A tyrant leech (Gauntlet)
  4 wind drakes
  A raiju (shapeshifter) (D:13)
  7 tarantellas
  11 blink frogs
  A spectral manticore (Shoals:2)
  2 glass eyes (Depths:1)
  5 dream sheep
  5 snapping turtles
  A wind drake (shapeshifter) (Vaults:4)
  14 culicivoras
  14 jumping spiders
  3 shadows
  Sigmund (D:6)
  2 air elementals
  13 water elementals
  A spriggan (Lair:3)
  6 wraiths
  21 slime creatures
  A spriggan (shapeshifter) (D:13)
  21 yaks
  A vampire (D:9)
  A fire elemental (Elf:1)
  6 wyverns
  7 basilisks
  2 fire bats (Depths:3)
  A golden eye (Gauntlet)
  2 wargs (Orc:2)
  30 redbacks
  2 steam dragons
  6 vampire mosquitoes
  2 swamp worms (Gauntlet)
  A harpy simulacrum (IceCv)
  An acid dragon (D:10)
  2 spectral snapping turtles (Shoals:2)
  10 water moccasins
  Duvessa (D:6)
  2 hell hounds (Lair:5)
  A black bear (shapeshifter) (D:14)
  A sky beast (D:6)
  8 orc warriors
  3 ice beasts
  4 black bears
  2 laughing skulls (Crypt:2)
  3 boggarts
  8 wolves
  7 ogres
  12 centaurs
  4 phantoms
  7 kobold brigands
  A small abomination (Zot:1)
  3 two-headed ogre simulacra (IceCv)
  13 bullfrogs
  2 earth elementals (Elf:2)
  3 scorpions
  3 elf skeletons (D:7)
  A salamander skeleton (Crypt:2)
  14 wights
  5 wyvern skeletons (Crypt:3)
  Dowan (D:6)
  5 killer bees
  A human simulacrum (Vaults:1)
  3 elephant simulacra (IceCv)
  3 electric eels (D:14)
  A yak skeleton (Crypt:1)
  A howler monkey (D:10)
  A bombardier beetle (D:3)
  4 lava snakes (Lair:5)
  6 hounds
  A quasit (D:4)
  2 human zombies
  4 jellies
  4 orc priests
  2 gnoll boudas
  3 sleepcaps (D:7)
  2 human skeletons
  5 iguanas
  4 orc wizards
  A scorpion zombie (D:5)
  10 hell rats
  2 spriggan simulacra (IceCv)
  2 troll simulacra (IceCv)
  A killer bee zombie (D:5)
  3 crocodile zombies (Ossuary)
  A bullfrog simulacrum (D:6)
  5 hound zombies (D:5)
  2 mummies (Ossuary)
  6 gnolls
  9 adders
  6 naga simulacra (IceCv)
  10 shadow imps
  14 white imps
  10 ufetubi
  2 dart slugs
  16 orcs
  6 ball pythons
  8 endoplasms
  6 giant cockroaches
  6 goblins
  2 hobgoblins
  11 jackals
  12 kobolds
  3 quokkas
  7 bats
  5 frilled lizards
  2 gnoll zombies (Ossuary)
  4 kobold zombies (Ossuary)
  An orc skeleton (D:7)
  5 rats
  An aspiring flesh (Zot:4)
  2 tentacles (Shoals:2)
1482 creatures vanquished.

Vanquished Creatures (collateral kills)
  An orb of fire (Zot:5)
  A juggernaut (Depths:1)
  A royal mummy (Crypt:3)
  A caustic shrike (Depths:2)
  4 golden dragons
  Norris (Elf:3)
  Nikola (Spider:1)
  A profane servitor (Crypt:3)
  3 bone dragons
  Arachne (Spider:4)
  A pandemonium lord (Zot:1)
  2 doom hounds (Depths:4)
  Jorgrun (D:13)
  3 tentacled monstrosities
  A walking crystal tome (Depths:4)
  An Orb Guardian (Zot:4)
  A deep elf blademaster (Elf:3)
  A deep elf master archer (Elf:3)
  2 titans (Vaults:5)
  3 death cobs (Zot:1)
  2 liches
  3 sphinxes
  2 ancient champions
  4 shadow dragons
  A tengu reaver (Depths:4)
  2 frost giants
  Donald (Vaults:1)
  2 iron dragons
  A draconian shifter (Zot:5)
  A draconian scorcher (Depths:4)
  5 fire giants
  8 ghost moths
  2 draconian knights
  An emperor scorpion (Spider:2)
  A deep elf sorcerer (Elf:3)
  9 vault wardens
  A curse skull (Crypt:2)
  An orc warlord (Vaults:3)
  2 ghouls (Crypt:3)
  2 reapers
  2 draconian stormcallers
  4 very ugly things
  A deep elf elementalist (Elf:3)
  An ironbound thunderhulk (Vaults:3)
  3 spriggan defenders (Depths:3)
  2 broodmothers
  A vampire knight (Crypt:1)
  9 ironbound preservers
  3 stone giants
  2 deep elf demonologists (Elf:3)
  A war gargoyle (Vaults:4)
  5 dire elephants
  2 white draconians
  4 spark wasps
  4 deep elf annihilators (Elf:3)
  A red draconian (Zot:1)
  A black draconian (Zot:1)
  A minotaur (Gauntlet)
  A purple draconian (Zot:2)
  7 eidola
  2 yellow draconians
  5 ettins
  2 merfolk impalers
  Josephine (Orc:1)
  An entropy weaver (Spider:1)
  A merfolk javelineer (Shoals:4)
  A spectral kraken (Shoals:2)
  3 deep elf high priests
  A quicksilver dragon zombie (Crypt:3)
  4 fire dragons
  5 yaktaur captains
  4 great orbs of eyes
  12 vault guards
  5 rakshasas
  A peacekeeper (Vaults:4)
  2 hydras
  A spriggan zombie (Crypt:3)
  An ice dragon (Depths:3)
  5 boulder beetles
  A merfolk avatar (Shoals:2)
  2 ghost crabs (Shoals:2)
  5 ironbound frosthearts
  2 spriggan air magi
  An alligator snapping turtle (Shoals:2)
  2 catoblepae
  An ogre mage (D:13)
  2 merfolk aquamancers
  14 centaur warriors
  A radroach (Spider:3)
  18 dancing weapons
  5 death knights
  2 satyrs (Shoals:4)
  A two-headed ogre (D:10)
  6 orc high priests
  A jorogumo (Spider:4)
  A tengu warrior (D:14)
  2 vampire magi
  A spriggan berserker (Depths:3)
  3 deep troll earth magi
  A death yak (Shoals:4)
  5 hell knights
  A titan zombie (Crypt:3)
  5 demonic crawlers
  7 deep elf knights
  A sun demon (Vaults:1)
  2 skysharks
  2 soul eaters (Crypt:2)
  An iron troll (Depths:4)
  12 skeletal warriors
  3 pharaoh ants
  2 sea snakes (Shoals:4)
  A glowing orange brain (D:15)
  A sea snake (shapeshifter) (D:15)
  An anaconda zombie (Crypt:2)
  A sun moth (Spider:4)
  A flayed ghost (Depths:1)
  26 deep trolls
  5 orb spiders
  6 deep elf archers
  7 phantasmal warriors
  6 ironbound convokers
  2 steelbarb worms
  A thermic dynamo (Elf:2)
  10 orc knights
  8 lindwurms
  13 deep elf pyromancers
  3 arcanists
  12 deep elf zephyrmancers
  2 orc sorcerers
  8 wolf spiders
  2 fauns (Shoals:4)
  2 oklob plants (Lair:4)
  4 cyclopes
  A shining eye (shapeshifter) (Vaults:5)
  9 moths of wrath
  3 manticores (Shoals:4)
  A rust devil (Zot:1)
  3 naga zombies (Crypt:3)
  8 ugly things
  2 kobold blastminers
  A meliai (Spider:3)
  A frost giant skeleton (Crypt:1)
  2 smoke demons
  A molten gargoyle (Lair:5)
  3 black mambas
  An eye of devastation (Gauntlet)
  7 vault sentinels
  A spectral sea snake (Shoals:2)
  2 torpor snails
  A hellion (Zot:1)
  A water nymph (shapeshifter) (Vaults:5)
  5 cane toads
  21 yaktaurs
  2 rime drakes (Lair:3)
  2 komodo dragons
  2 efreet
  A kobold demonologist (D:14)
  3 freezing wraiths
  2 tengu conjurers
  An unseen horror skeleton (Crypt:2)
  An ice devil (Zot:1)
  A purple draconian skeleton (Crypt:1)
  A spectral harpy (Shoals:2)
  A troll (D:11)
  2 harpy zombies
  A red devil (Zot:1)
  A polar bear (Lair:2)
  9 merfolk
  2 wind drakes
  15 tarantellas
  A hornet (Lair:3)
  A glass eye (Gauntlet)
  8 blink frogs
  5 dream sheep
  A snapping turtle (Shoals:4)
  16 jumping spiders
  A deep troll skeleton (Vaults:1)
  5 spriggans
  7 water elementals
  An air elemental (Elf:1)
  A vampire (D:9)
  9 wraiths
  10 slime creatures
  7 culicivoras
  2 fire bats (Depths:3)
  2 wyverns (Lair:3)
  A wind drake zombie (Crypt:1)
  11 yaks
  2 steam dragons (Lair:5)
  A death yak simulacrum (IceCv)
  9 basilisks
  3 wargs
  39 redbacks
  2 vampire mosquitoes (D:12)
  A naga (shapeshifter) (D:14)
  An acid dragon (D:10)
  2 spectral snapping turtles (Shoals:2)
  3 water moccasins
  An ogre skeleton (Vaults:1)
  An entropy weaver zombie (Crypt:1)
  2 hell hounds (Lair:5)
  8 orc warriors
  An ice beast (D:6)
  A laughing skull (Crypt:2)
  An ogre (D:13)
  5 boggarts
  2 wolves
  A torpor snail zombie (Crypt:1)
  6 centaurs
  A phantom (Crypt:3)
  2 kobold brigands
  4 bullfrogs
  A wyvern zombie (Crypt:2)
  A gnoll sergeant (D:11)
  A warg zombie (Crypt:2)
  A two-headed ogre simulacrum (IceCv)
  3 wyvern skeletons (Crypt:3)
  13 wights
  A ballistomycete (Lair:4)
  4 killer bees
  3 electric eels
  A lava snake (Lair:5)
  A bullfrog zombie (Crypt:2)
  A crimson imp (Zot:3)
  3 jellies
  An orc priest (Elf:1)
  3 orc wizards
  3 polar bear simulacra (IceCv)
  6 hell rats
  3 spriggan simulacra (IceCv)
  3 troll simulacra (IceCv)
  A wolf simulacrum (IceCv)
  A deep dwarf zombie (Crypt:2)
  A mummy (Crypt:3)
  5 gnolls
  3 naga simulacra (IceCv)
  2 shadow imps (D:3)
  11 white imps
  7 ufetubi (IceCv)
  6 orcs
  2 bat skeletons
  A dart slug zombie (Crypt:1)
  3 kobolds
  2 tentacles (Shoals:2)
836 creatures vanquished.

Vanquished Creatures (others)
  2 fire giants
  11 orc warlords
  50 orc apostles
  7 orc high priests
  21 orc knights
  2 deep elf pyromancers (Elf:1)
  An orc sorcerer (Orc:2)
  A moth of wrath (Zot:1)
  A tengu conjurer (Depths:4)
  28 orc warriors
  31 orc priests
  5 orc wizards
  30 orcs
  12 tentacles (Shoals:2)
202 creatures vanquished.

Grand Total: 2520 creatures vanquished

Notes
Turn   | Place    | Note
-------+----------+-------------------------------------------
     0 | D:1      | seren the Minotaur Fighter began the quest for the Orb.
     0 | D:1      | Reached XP level 1. HP: 19/19 MP: 0/0
   215 | D:1      | Reached XP level 2. HP: 25/27 MP: 1/1
   434 | D:1      | Reached XP level 3. HP: 33/33 MP: 2/2
   835 | D:2      | Reached skill level 1 in Dodging
   879 | D:2      | Noticed a black bear
   888 | D:2      | Killed a black bear
   889 | D:2      | Reached XP level 4. HP: 28/40 MP: 3/3
   910 | D:2      | Reached XP level 5. HP: 39/46 MP: 4/4
  1006 | D:2      | Found a faded altar of an unknown god.
  1439 | D:3      | Found a transporter.
  1442 | D:3      | Noticed a kobold demonologist
  1458 | D:3      | Found a transporter.
  1616 | D:3      | Identified a scroll of acquirement
  1617 | D:3      | Acquired a manual of Armour
  1756 | D:3      | Found a basalt altar of Yredelemnul.
  2075 | D:3      | Found a white marble altar of Elyvilon.
  2168 | D:3      | Became a worshipper of Beogh the Shepherd
  2748 | D:4      | Found an opulent altar of Gozag.
  2786 | D:4      | Reached XP level 6. HP: 53/53 MP: 5/5
  2942 | D:4      | Reached skill level 5 in Polearms
  2942 | D:4      | Reached skill level 5 in Armour
  2946 | D:4      | Reached skill level 1 in Invocations
  3043 | D:4      | Reached * piety under Beogh
  3106 | D:4      | Reached XP level 7. HP: 28/60 MP: 7/7
  3421 | D:4      | Found a staircase to the Ecumenical Temple.
  3430 | Temple   | Found a transporter.
  3430 | Temple   | Found a transporter.
  3430 | Temple   | Found a transporter.
  3430 | Temple   | Found a transporter.
  3430 | Temple   | Entered the Ecumenical Temple
  3718 | D:5      | Entered Level 5 of the Dungeon
  3727 | D:5      | Reached skill level 5 in Fighting
  3727 | D:5      | Reached skill level 5 in Shields
  4021 | D:5      | Found an ancient bone altar of Kikubaaqudgha.
  4092 | D:5      | Reached XP level 8. HP: 67/69 MP: 9/9
  4219 | D:5      | Reached ** piety under Beogh
  4537 | D:5      | Found a glowing golden altar of the Shining One.
  4546 | D:5      | Found an ornate altar of the Wu Jian Council.
  4684 | D:6      | Found a runed translucent gate.
  4684 | D:6      | Found a runed translucent gate.
  4684 | D:6      | Found a runed translucent gate.
  4715 | D:6      | Acquired the ring "Vusmer" {+Blink Will+ Slay+2 Stlth+}
  4762 | D:6      | Found Owythant's Distillery.
  4770 | D:6      | Bought a potion of degeneration for 11 gold pieces
  4770 | D:6      | Bought a potion of curing for 33 gold pieces
  4770 | D:6      | Bought a potion of enlightenment for 55 gold pieces
  4770 | D:6      | Bought a potion of haste for 110 gold pieces
  4770 | D:6      | Bought a potion of heal wounds for 55 gold pieces
  4808 | D:6      | Noticed Sigmund
  5097 | D:6      | Noticed Dowan
  5112 | D:6      | Killed Dowan
  5113 | D:6      | Reached skill level 1 in Evocations
  5128 | D:6      | Noticed Duvessa
  5372 | D:6      | Killed Duvessa
  5554 | D:6      | Found a glowing silver altar of Zin.
  5715 | D:6      | Reached XP level 9. HP: 75/75 MP: 11/11
  5802 | D:6      | Noticed t4s4d4r's ghost (novice CoFi)
  5987 | D:7      | Reached skill level 5 in Invocations
  6339 | D:7      | Found a sand-covered staircase.
  6347 | Ossuary  | Entered an ossuary
  6369 | Ossuary  | Reached *** piety under Beogh
  6496 | D:7      | Noticed Zorug
  6508 | D:7      | HP: 3/78 [Zorug the orc apostle/divine providence (13)]
  6765 | D:7      | Reached skill level 5 in Dodging
  6847 | D:7      | Anointed Zorug the priest as your apostle
  7422 | D:8      | Noticed Korbok
  7441 | D:8      | Anointed Korbok the warrior as your apostle
  7661 | D:8      | Reached XP level 10. HP: 66/86 MP: 12/12
  8256 | D:9      | Reached **** piety under Beogh
  8367 | D:9      | Reached skill level 5 in Evocations
  8545 | D:9      | Reached skill level 10 in Polearms
  8545 | D:9      | Reached skill level 10 in Armour
  8687 | D:9      | Found a staircase to the Lair.
  8716 | D:9      | Noticed a gargoyle
  8721 | D:9      | Killed a gargoyle
  9009 | D:9      | Noticed Psyche
  9015 | D:9      | Killed Psyche
  9049 | D:10     | Entered Level 10 of the Dungeon
  9194 | D:10     | Reached XP level 11. HP: 45/95 MP: 13/13
  9563 | D:10     | Noticed a two-headed ogre
  9570 | D:10     | Killed a two-headed ogre
  9698 | D:10     | Noticed Erica
  9705 | D:10     | Killed Erica
 10440 | D:11     | Found a staircase to the Orcish Mines.
 10797 | D:11     | Noticed Horkud
 10831 | D:11     | Anointed Horkud the priest as your apostle
 11054 | D:11     | Reached ***** piety under Beogh
 11162 | Lair:1   | Entered Level 1 of the Lair of Beasts
 11164 | Lair:1   | Found a frozen archway.
 11348 | Lair:1   | Reached XP level 12. HP: 95/106 MP: 12/14
 11352 | Lair:1   | Reached skill level 10 in Fighting
 11381 | Lair:1   | Identified the +2 robe of Hedging {rF+}
 11599 | IceCv    | Entered an ice cave
 11882 | IceCv    | Reached ****** piety under Beogh
 11976 | IceCv    | Noticed a reaper
 11991 | IceCv    | Your ally Horkud died
 12004 | IceCv    | Your ally Zorug died
 12010 | IceCv    | Your ally Korbok died
 12014 | IceCv    | Killed a reaper
 12497 | Lair:1   | Anointed Bogmar the warrior as your apostle
 13000 | Lair:2   | Found a staircase to the Shoals.
 13106 | Lair:2   | Noticed a five-headed hydra
 13114 | Lair:2   | Killed an eight-headed hydra
 13633 | Lair:3   | Reached skill level 15 in Armour
 13772 | Lair:3   | Found a bloodstained altar of Trog.
 13891 | Lair:3   | Reached skill level 15 in Polearms
 13894 | Lair:3   | Reached XP level 13. HP: 87/116 MP: 11/15
 13991 | Lair:3   | Found a runed translucent door.
 13991 | Lair:3   | Identified the +5 spear of Tenacity {flame, rC+ Will+ Int-3
                  | Stlth+}
 13999 | Lair:3   | Noticed Konar's ghost (journeyman CoHu)
 14223 | Lair:3   | Reached skill level 10 in Dodging
 14359 | Lair:3   | Found a hole to the Spider Nest.
 14706 | Lair:3   | Your ally Zorug died
 15144 | Lair:4   | Found a staircase to the Slime Pits.
 15150 | Lair:4   | Found an ornate altar of the Wu Jian Council.
 15154 | Lair:4   | Found a viscous altar of Jiyva.
 15236 | Lair:4   | Identified the +6 whip "Iwnataol" {pain, rPois Will+}
 15780 | Lair:5   | Entered Level 5 of the Lair of Beasts
 16211 | Lair:5   | Identified the +3 flail of Eweepn {drain, Fly rF- rN+
                  | Str+2}
 16211 | Lair:5   | Noticed Milork
 16234 | Lair:5   | Anointed Milork the priest as your apostle
 16560 | Lair:5   | Reached XP level 14. HP: 114/127 MP: 14/17
 16588 | Lair:5   | Found a large runed translucent door.
 16592 | Lair:5   | Found a large runed translucent door.
 17486 | Orc:1    | Entered Level 1 of the Orcish Mines
 17614 | Orc:2    | Entered Level 2 of the Orcish Mines
 17616 | Orc:2    | Found a staircase to the Elven Halls.
 17685 | Orc:2    | Found Kecapn's Weapon Emporium.
 17753 | Orc:1    | Noticed Josephine
 17762 | Orc:1    | Killed Josephine
 17778 | Orc:1    | Paralysed by an orc sorcerer for 3 turns
 18011 | Orc:1    | Found a roughly hewn altar of Beogh.
 18381 | Orc:2    | Your ally Milork died
 18385 | Orc:2    | Your ally Bogmar died
 18836 | Orc:2    | Found Wapoihesch's Antique Weapon Shop.
 18836 | Orc:2    | Found Ollir's Distillery.
 18841 | Orc:2    | Found Soov Kyd's General Store.
 18841 | Orc:2    | Found Meomn's Assorted Antiques.
 18847 | Orc:2    | Bought a brightly glowing halberd for 252 gold pieces
 18847 | Orc:2    | Identified the +2 halberd "Wibith" {chaos, Int+2 Dex+4
                  | Stlth+} (You bought it in a shop on level 2 of the Orcish
                  | Mines)
 18850 | Orc:2    | Bought a scroll of teleportation for 102 gold pieces
 18850 | Orc:2    | Bought a scroll of teleportation for 102 gold pieces
 18852 | Orc:2    | Bought a potion of heal wounds for 90 gold pieces
 18852 | Orc:2    | Bought a potion of curing for 54 gold pieces
 18852 | Orc:2    | Bought a potion of heal wounds for 90 gold pieces
 18855 | Orc:2    | Bought a +2 pair of gloves for 231 gold pieces
 19366 | Orc:2    | Bought a sack of spiders for 1360 gold pieces
 19861 | D:6      | Killed t4s4d4r's ghost
 19922 | D:6      | Killed Sigmund
 20037 | D:12     | Found Saeshrar's Book Boutique.
 20137 | D:12     | Found Bekynim's Book Emporium.
 20260 | D:12     | Found a transporter.
 20260 | D:12     | Found Hiwod's Assorted Antiques.
 20279 | D:12     | Noticed Maurice
 20280 | D:12     | Found a transporter.
 20287 | D:12     | Your ally Korbok died
 20458 | Spider:1 | Entered Level 1 of the Spider Nest
 20458 | Spider:1 | Noticed Rupert
 20523 | Shoals:1 | Entered Level 1 of the Shoals
 21385 | Shoals:1 | Anointed Brandogh the warrior as your apostle
 21672 | Shoals:2 | Reached XP level 15. HP: 120/136 MP: 17/19
 22076 | Shoals:2 | Your ally Brandogh died
 22097 | Shoals:2 | Your ally Milork died
 22128 | Shoals:2 | Your ally Bogmar died
 22845 | Shoals:3 | Found Syzosoim's Antique Armour Shoppe.
 23454 | Shoals:3 | Reached skill level 1 in Throwing
 24196 | Shoals:3 | Bought a shiny plate armour for 728 gold pieces
 24214 | Shoals:4 | Entered Level 4 of the Shoals
 25026 | Shoals:4 | Your ally Milork died
 25272 | Shoals:4 | Identified the +1 robe of Rafap {rElec rCorr Dex-4 Stlth+}
 25636 | Shoals:4 | Reached XP level 16. HP: 127/147 MP: 15/21
 25642 | Shoals:4 | Your ally Bogmar died
 26051 | Shoals:4 | Your ally Brandogh died
 26052 | Shoals:4 | Reached skill level 5 in Throwing
 26327 | Shoals:4 | Noticed Polyphemus
 26800 | D:12     | Found Voroneu's Magic Scroll Shop.
 26815 | D:13     | Found Giabim's Jewellery Boutique.
 26822 | D:13     | Noticed Jorgrun
 26976 | D:13     | HP: 3/129 [Orkwin the orc apostle/+8 mace of draining (14)]
 26976 | D:13     | HP: 1/125 [Orkwin the orc apostle/+8 mace of draining (2)]
 26980 | D:13     | Anointed Orkwin the priest as your apostle
 27623 | D:13     | Killed Jorgrun
 27955 | D:13     | Acquired a +1 pair of gloves of hurling
 28047 | D:13     | Found a gate to the Vaults.
 28204 | D:12     | Killed Maurice
 28388 | D:12     | Noticed Sonja
 28392 | D:12     | Your ally Brandogh died
 28393 | D:12     | Killed Sonja
 28666 | D:12     | Bought an ancient platinum ring for 155 gold pieces
 28666 | D:12     | Identified the ring "Uziucyi" {*Corrode Fly rPois Slay+3}
                  | (You bought it in a shop on level 12 of the Dungeon)
 29079 | Shoals:4 | Killed Polyphemus
 29236 | Shoals:4 | Noticed a sphinx
 29249 | Shoals:4 | Reached skill level 15 in Fighting
 29250 | Shoals:4 | Your ally Bogmar died
 29325 | Shoals:4 | Killed a sphinx
 29326 | Shoals:4 | Reached skill level 10 in Evocations
 29496 | Shoals:4 | Noticed a sphinx
 29509 | Shoals:4 | Killed a sphinx
 29525 | Shoals:4 | Identified the +7 falchion "Wirut" {vamp, Stlth+}
 29671 | Shoals:4 | Got a barnacled rune of Zot
 30183 | D:14     | Found Vamepso's Weapon Emporium.
 30254 | D:14     | Identified the +0 ring mail of Grace {rN+ Dex+3}
 30270 | D:14     | Found a gate leading to a gauntlet.
 30278 | Gauntlet | Entered a Gauntlet
 30278 | Gauntlet | Found a transporter.
 30278 | Gauntlet | Found a transporter.
 30278 | Gauntlet | Found a transporter.
 30279 | Gauntlet | Found a transporter.
 30281 | Gauntlet | Found a transporter.
 30283 | Gauntlet | Found a transporter.
 30292 | Gauntlet | Found a transporter.
 30293 | Gauntlet | Found a transporter.
 30294 | Gauntlet | Found a transporter.
 30294 | Gauntlet | Found a transporter.
 30302 | Gauntlet | Found a transporter.
 30303 | Gauntlet | Found a transporter.
 30517 | Gauntlet | Identified the ring "Xiem" {Ice rN+++ Will+ Str+3 Dex-3}
 30607 | Gauntlet | Identified the ring of Kuntaf {rPois Will+++ EV+5 Int-5
                  | SInv}
 31935 | Spider:1 | Killed Rupert
 31936 | Spider:1 | Reached XP level 17. HP: 116/156 MP: 0/22
 32082 | Spider:1 | Your ally Orkwin died
 32235 | Spider:1 | Your ally Bogmar died
 32484 | Spider:1 | Noticed Nikola
 32502 | Spider:1 | Killed Nikola
 32681 | Spider:1 | Identified the +8 halberd of Ygutoj {venom, MP+9 SInv}
 32698 | Spider:1 | Anointed Gorm the warrior as your apostle
 33209 | Spider:1 | Your ally Brandogh died
 34584 | Spider:2 | Your ally Brandogh died
 35914 | Spider:3 | Upgraded the game from 0.32-a0-665-g3d30ec2550 to
                  | 0.32-a0-673-g3729bd50f8
 35971 | Spider:4 | Entered Level 4 of the Spider Nest
 35974 | Spider:4 | Reached skill level 10 in Throwing
 35986 | Spider:4 | Reached skill level 10 in Invocations
 36645 | Spider:4 | Reached XP level 18. HP: 164/167 MP: 24/24
 37211 | Spider:4 | Noticed Arachne
 37231 | Spider:4 | Your ally Gorm died
 37237 | Spider:4 | Killed Arachne
 37334 | Spider:4 | Identified the serpent talisman "Jenuown" {rElec Dex+3
                  | Stlth+}
 37334 | Spider:4 | Noticed Aizul
 37337 | Spider:4 | Your ally Brandogh died
 37342 | Spider:4 | Killed Aizul
 37373 | Spider:4 | Reached skill level 15 in Dodging
 37562 | Spider:4 | Got a gossamer rune of Zot
 38052 | Spider:3 | Anointed Morun the priest as your apostle
 38305 | Lair:3   | Killed Konar's ghost
 38528 | D:15     | Entered Level 15 of the Dungeon
 38715 | D:15     | Found an iron altar of Okawaru.
 38864 | D:15     | Found a blossoming altar of Fedhas.
 38954 | D:15     | Found a staircase to the Depths.
 39376 | Vaults:1 | Entered Level 1 of the Vaults
 39538 | Vaults:1 | Noticed Donald
 39548 | Vaults:1 | Killed Donald
 39582 | Vaults:1 | Your ally Orkwin died
 40320 | Vaults:1 | Reached XP level 19. HP: 174/180 MP: 26/26
 40345 | Vaults:1 | Got the Compendium of Spagyria
 41107 | Vaults:2 | Identified the +4 quarterstaff "Toef Igi" {drain, rPois
                  | Str+4}
 41505 | Vaults:2 | Your ally Orkwin died
 41509 | Vaults:2 | Your ally Gorm died
 42749 | Orc:2    | Bought a scroll of brand weapon for 133 gold pieces
 42878 | D:12     | Bought a scroll of acquirement for 676 gold pieces
 42882 | D:12     | Acquired 1106 gold pieces
 43226 | Vaults:3 | Identified the +4 scale mail of the Hot Ocelot {Dex+5}
 43316 | Vaults:3 | Your ally Orkwin died
 43325 | Vaults:3 | Found a staircase to the Crypt.
 43909 | Vaults:3 | Your ally Orkwin died
 43914 | Vaults:3 | Reached XP level 20. HP: 109/193 MP: 27/27
 44448 | Vaults:4 | Found Buzxi's Armour Emporium.
 44539 | Vaults:4 | Found a flickering gateway to a bazaar.
 44556 | Bazaar   | Entered a bazaar
 44556 | Bazaar   | Found Micw's Book Boutique.
 44556 | Bazaar   | Found Remy's Antique Weapon Boutique.
 44574 | Bazaar   | Found Qexkur's General Store.
 44590 | Bazaar   | Found Soatilan's Distillery.
 44601 | Bazaar   | Bought a potion of curing for 33 gold pieces
 44601 | Bazaar   | Bought a potion of heal wounds for 55 gold pieces
 44604 | Bazaar   | Found Sostoizu's Antique Armour Shop.
 44632 | Bazaar   | Bought a scroll of brand weapon for 123 gold pieces
 44904 | Vaults:4 | Your ally Orkwin died
 45041 | Vaults:4 | Identified the +1 dagger of Zisoa {holy, rPois}
 45267 | Vaults:4 | Noticed Jory
 45279 | Vaults:4 | Killed Jory
 45415 | Vaults:4 | Identified the +7 quarterstaff of the Gnashing Weasel
                  | {freeze, rC+ Int+6}
 45704 | Vaults:4 | Your ally Gorm died
 46244 | Elf:1    | Entered Level 1 of the Elven Halls
 46560 | Elf:1    | Paralysed by an air elemental for 1 turns
 47456 | Elf:2    | Reached XP level 21. HP: 172/201 MP: 28/28
 47929 | Elf:2    | Found a runed translucent gate.
 47929 | Elf:2    | Found a runed translucent gate.
 47929 | Elf:2    | Found a runed translucent gate.
 48068 | Elf:2    | Paralysed by an air elemental for 1 turns
 48605 | Elf:3    | Entered Level 3 of the Elven Halls
 48608 | Elf:3    | Paralysed by an air elemental for 1 turns
 48615 | Elf:3    | Paralysed by an air elemental for 1 turns
 48715 | Elf:3    | Anointed Gorg the priest as your apostle
 48882 | Elf:3    | Noticed Norris
 48890 | Elf:3    | Killed Norris
 48893 | Elf:3    | Your ally Gorg died
 49126 | Elf:3    | Noticed Roxanne
 49475 | Elf:3    | Killed Roxanne
 49834 | Elf:3    | Identified the ring "Jeifutiw" {rElec EV+5 Int+2 SInv
                  | Stlth+}
 49860 | Elf:3    | Identified the +11 dagger of Qanae {heavy, rPois}
 49860 | Elf:3    | Identified the +0 leather armour "Caoff" {rPois Str+5
                  | Int+2}
 49925 | Elf:3    | Identified the +5 dagger "Giantslayer" {speed, Str+3}
 50000 | Elf:3    | Your ally Gorm died
 50063 | Elf:3    | Identified the staff of Uwko {rElec rC+ Will- Str+3 Conj}
 50070 | Elf:3    | Identified the +3 rapier "Veafemmefekh" {flame, rN+}
 50096 | Elf:3    | Identified the +1 orcbow of Action {freeze, rN+}
 50621 | Crypt:1  | Entered Level 1 of the Crypt
 51051 | Crypt:1  | Found a runed translucent door.
 51051 | Crypt:1  | Noticed Xehiysch's ghost (veteran OpSu)
 51874 | Crypt:3  | Entered Level 3 of the Crypt
 51899 | Crypt:3  | Reached XP level 22. HP: 208/211 MP: 29/29
 52291 | Crypt:3  | Your ally Morun died
 52591 | Crypt:3  | Identified the +7 dagger of Destiny {drain, *Corrode ^Drain
                  | rElec Dex+7}
 52591 | Crypt:3  | Identified the +3 robe of Ycsog {rCorr Dex+4}
 52602 | Crypt:3  | Anointed Arbeogh the wizard as your apostle
 52675 | Crypt:3  | Found a basalt altar of Yredelemnul.
 53212 | Crypt:3  | Found a staircase to the Tomb.
 53212 | Crypt:3  | Noticed a royal mummy
 53219 | Crypt:3  | Killed a royal mummy
 54034 | Depths:1 | Entered Level 1 of the Depths
 54034 | Depths:1 | Found a gateway to Hell.
 54422 | Depths:1 | Noticed a juggernaut
 54426 | Depths:1 | Killed a juggernaut
 54530 | Depths:1 | Your ally Gorm died
 54539 | Depths:1 | Your ally Arbeogh died
 54543 | Depths:1 | Your ally Gorg died
 55051 | Depths:1 | Found a white marble altar of Elyvilon.
 55328 | Depths:2 | Noticed a juggernaut
 55334 | Depths:2 | Found a runed translucent door.
 55335 | Depths:2 | Noticed a caustic shrike
 55338 | Depths:2 | Killed a juggernaut
 55341 | Depths:2 | Killed a caustic shrike
 55485 | Depths:2 | Noticed Vv
 56059 | Depths:2 | Found a runed translucent door.
 56059 | Depths:2 | Found the +8 lance "Wyrmbane" {slay drac, rPois rF+ rC+
                  | AC+3}
 56071 | Depths:2 | Found a runed translucent door.
 56072 | Depths:2 | Found a runed translucent door.
 56280 | Depths:2 | Upgraded the game from 0.32-a0-673-g3729bd50f8 to
                  | 0.32-a0-675-gdc239d62e1
 56926 | Depths:3 | Reached XP level 23. HP: 213/223 MP: 30/30
 57056 | Depths:3 | Your ally Gorm died
 57066 | Depths:3 | Anointed Orgrim the warrior as your apostle
 57147 | Depths:3 | Noticed the Enchantress
 57155 | Depths:3 | Killed the Enchantress
 57243 | Depths:3 | Your ally Gorg died
 57249 | Depths:3 | Acquired a +2 hat
 57455 | Depths:2 | Killed Vv
 57485 | Depths:2 | Found a one-way gate leading to the halls of Pandemonium.
 57952 | Depths:3 | Found a one-way gateway to a ziggurat.
 58058 | Depths:3 | Found a corrupted altar of Lugonu.
 58059 | Depths:3 | Found a one-way gate to the infinite horrors of the Abyss.
 58358 | Depths:4 | Entered Level 4 of the Depths
 58479 | Depths:4 | Found Maavvoil's Antique Armour Emporium.
 58480 | Depths:4 | Found Vuripoesch's Weapon Emporium.
 58480 | Depths:4 | Found Bizyto Pedgh's Weapon Shoppe.
 58486 | Depths:4 | Found Edupra Obro's Armour Shoppe.
 58680 | Depths:4 | Noticed Grunn
 58958 | Depths:4 | Killed Grunn
 59007 | Depths:4 | Found a gate to the Realm of Zot.
 60075 | Vaults:5 | Entered Level 5 of the Vaults
 60092 | Vaults:5 | Your ally Gorg died
 60096 | Vaults:5 | Your ally Orgrim died
 60106 | Vaults:5 | Reached skill level 15 in Throwing
 60119 | Vaults:5 | Your ally Arbeogh died
 60172 | Vaults:5 | Reached XP level 24. HP: 138/234 MP: 30/30
 60491 | Vaults:5 | Identified the +2 crystal plate armour of Defence {Int+2}
 60548 | Vaults:5 | Got the Cyclopedia of Convocation
 60676 | Vaults:5 | Identified the +1 shortbow "Waepsi Laun" {drain, Str+4
                  | Dex+3 Stlth+}
 60676 | Vaults:5 | Identified the amulet "Noizi" {Spirit rElec Str+3}
 60687 | Vaults:5 | Paralysed by an ogre mage for 4 turns
 60691 | Vaults:5 | Your ally Gorg died
 60752 | Vaults:5 | Your ally Orgrim died
 60756 | Vaults:5 | Your ally Arbeogh died
 60760 | Vaults:5 | Got Leuckufi's Spellbook of Erosion
 61014 | Vaults:4 | Anointed Olfik the priest as your apostle
 61111 | Vaults:5 | Got the Compendium of the Fifth Circle and Geology
 61112 | Vaults:5 | Identified the +2 glaive of Welfare {pain, rN+}
 61114 | Vaults:5 | Identified the staff of Deyfim {rN+ Necro Earth}
 61140 | Vaults:5 | Reached skill level 15 in Evocations
 62164 | Vaults:5 | Got a silver rune of Zot
 63119 | D:6      | Bought a potion of curing for 33 gold pieces
 63295 | D:12     | Bought a scroll of teleportation for 39 gold pieces
 63295 | D:12     | Bought a scroll of enchant armour for 97 gold pieces
 63295 | D:12     | Bought a scroll of enchant armour for 97 gold pieces
 63295 | D:12     | Bought a scroll of blinking for 97 gold pieces
 63295 | D:12     | Bought a scroll of fog for 52 gold pieces
 63295 | D:12     | Bought a scroll of blinking for 97 gold pieces
 63324 | D:12     | Bought 3 scrolls of enchant weapon for 697 gold pieces
 63463 | Orc:2    | Bought a potion of experience for 900 gold pieces
 63463 | Orc:2    | Reached XP level 25. HP: 226/226 MP: 30/30
 63464 | Orc:2    | Bought 2 potions of haste for 360 gold pieces
 63464 | Orc:2    | Bought 2 potions of cancellation for 288 gold pieces
 63464 | Orc:2    | Bought a potion of resistance for 180 gold pieces
 64045 | Zot:1    | Entered Level 1 of the Realm of Zot
 64477 | Zot:1    | You fall into a shaft and drop 1 floor!
 64502 | Zot:1    | Noticed an orb of fire
 65259 | Zot:2    | Your ally Olfik died
 65269 | Zot:2    | Gained mutation: Potions are less effective at restoring
                  | your health. [an orb of fire]
 65273 | Zot:2    | Gained mutation: You sometimes lose your temper in combat.
                  | [an orb of fire]
 65280 | Zot:2    | Gained mutation: Armour fits poorly on your strangely
                  | shaped body. [an orb of fire]
 65283 | Zot:2    | Killed an orb of fire
 65284 | Zot:2    | Lost mutation: Potions are less effective at restoring your
                  | health. [potion of mutation]
 65284 | Zot:2    | Lost mutation: Armour fits poorly on your strangely shaped
                  | body. [potion of mutation]
 66044 | Zot:3    | Reached XP level 26. HP: 254/254 MP: 30/30
 66099 | Zot:3    | Your ally Olfik died
 66102 | Zot:3    | Your ally Gorg died
 66103 | Zot:3    | Your ally Orgrim died
 66321 | Zot:2    | Lost mutation: You sometimes lose your temper in combat.
                  | [potion of mutation]
 66321 | Zot:2    | Gained mutation: You occasionally lose the ability to drink
                  | potions when taking damage. [potion of mutation]
 67144 | Zot:4    | Noticed an orb of fire
 67315 | Zot:4    | Gained mutation: You are frail. (-10% HP) [an orb of fire]
 67328 | Zot:4    | Gained mutation: Your body sometimes deteriorates upon
                  | taking damage. [an orb of fire]
 67331 | Zot:4    | Killed an orb of fire
 67332 | Zot:4    | Lost mutation: You occasionally lose the ability to drink
                  | potions when taking damage. [potion of mutation]
 67332 | Zot:4    | Lost mutation: Your body sometimes deteriorates upon taking
                  | damage. [potion of mutation]
 67332 | Zot:4    | Lost mutation: You are frail. (-10% HP) [potion of
                  | mutation]
 67332 | Zot:4    | Gained mutation: You have an increased reservoir of magic.
                  | (+10% MP) [potion of mutation]
 67332 | Zot:4    | Gained mutation: Your spells are a little easier to cast,
                  | but a little less powerful. [potion of mutation]
 67950 | Zot:5    | Entered Level 5 of the Realm of Zot
 68273 | Zot:5    | Noticed a dread lich
 68301 | Zot:5    | Killed a dread lich
 68600 | Zot:5    | Noticed an orb of fire
 68613 | Zot:5    | Killed an orb of fire
 68669 | Zot:5    | Noticed an ancient lich
 68670 | Zot:5    | Noticed an orb of fire
 68674 | Zot:5    | Your ally Orgrim died
 68676 | Zot:5    | Noticed an ancient lich
 68681 | Zot:5    | Your ally Gorg died
 68682 | Zot:5    | Your ally Olfik died
 68684 | Zot:5    | Gained mutation: You have hidden genetic defects. [an orb
                  | of fire]
 68689 | Zot:4    | Gained mutation: You are resistant to electric shocks.
                  | (rElec) [an orb of fire]
 68692 | Zot:4    | Killed an orb of fire
 68826 | Zot:5    | Noticed an orb of fire
 68835 | Zot:5    | Killed an ancient lich
 68850 | Zot:5    | Gained mutation: You are vulnerable to heat. (rF-) [an orb
                  | of fire]
 68851 | Zot:5    | Killed an orb of fire
 68855 | Zot:5    | Lost mutation: Your spells are a little easier to cast, but
                  | a little less powerful. [potion of mutation]
 68855 | Zot:5    | Lost mutation: You are vulnerable to heat. (rF-) [potion of
                  | mutation]
 68855 | Zot:5    | Lost mutation: You have an increased reservoir of magic.
                  | (+10% MP) [potion of mutation]
 68855 | Zot:5    | Gained mutation: You have terrible hidden genetic defects.
                  | [potion of mutation]
 68855 | Zot:5    | Gained mutation: You occasionally shout uncontrollably at
                  | your foes. [potion of mutation]
 68855 | Zot:5    | Gained mutation: You are agile. (Dex +4, Str/Int -1)
                  | [potion of mutation]
 68856 | Zot:5    | Noticed an ancient lich
 68866 | Zot:4    | Killed an ancient lich
 69157 | Zot:5    | Noticed a dread lich
 69172 | Zot:4    | Killed a dread lich
 69226 | Zot:5    | Noticed an orb of fire
 69234 | Zot:5    | Gained mutation: You are frail. (-10% HP) [an orb of fire]
 69242 | Zot:5    | Killed an orb of fire
 69243 | Zot:5    | Lost mutation: You occasionally shout uncontrollably at
                  | your foes. [potion of mutation]
 69243 | Zot:5    | Lost mutation: You are resistant to electric shocks.
                  | (rElec) [potion of mutation]
 69243 | Zot:5    | Gained mutation: You have a pair of large horns on your
                  | head. [potion of mutation]
 69257 | Zot:5    | Lost mutation: You are agile. (Dex +4, Str/Int -1) [hidden
                  | defects]
 69340 | Zot:4    | Killed an ancient lich
 69686 | Zot:5    | Reached XP level 27. HP: 225/242 MP: 30/30
 69950 | Zot:5    | Got the Orb of Zot
 69959 | Zot:5    | Gained mutation: Your health recovers twice as slowly from
                  | being drained. [hidden defects]
 69959 | Zot:5    | Lost mutation: You have terrible hidden genetic defects.
                  | [hidden defects expressed]
 69972 | Zot:5    | Noticed Ably Cattuyt the pandemonium lord
 70139 | Zot:4    | Noticed Onuik the pandemonium lord
 70157 | Zot:4    | Killed Onuik the pandemonium lord
 70237 | Zot:3    | Noticed Rotto the pandemonium lord
 70246 | Zot:3    | Killed Rotto the pandemonium lord
 70278 | Zot:1    | Your ally Olfik died
 70313 | Zot:1    | Your ally Gorg died
 70314 | Zot:1    | Noticed Pumisag the pandemonium lord
 70322 | Zot:1    | Killed Pumisag the pandemonium lord
 70452 | Zot:1    | Noticed Ceodeuk the pandemonium lord
 70455 | Zot:1    | Gained mutation: Armour fits poorly on your strangely
                  | shaped body. [hidden defects]
 70473 | Zot:1    | Mangled by Ceodeuk the pandemonium lord

Illustrated notes

Levels and vault maps discovered:
D:1:      dpeg_arrival_rhombus, layout_basic, minmay_worlds_worst_comb
D:2:      cheibrodos_old_hovel, layout_basic,
          shapermc_ecumenical_altar_totnotflames
D:3:      gammafunk_wand_slinger, layout_basic, kennysheep_ying_yang,
          chequers_big_river, dreamdust_wishing_well
D:4:      layout_cave_pools, lemuel_round_altar, minmay_temple_entry_mini_moons,
          serial_demonic, serial_demonic_a, serial_demonic_e, serial_demonic_c,
          serial_demonic_a, serial_demonic_b, serial_demonic_a,
          serial_demonic_f, saegor_snake_ambush
D:5:      layout_gridville, mainiacjoe_overflow_swirl,
          lemuel_mausoleum_altar_kikubaaqudgha
D:6:      layout_loops_ring, zin_scriptorium, gammafunk_ghost_icy, serial_shops,
          shop, minivault_5, uniq_sigmund, uniq_duvessa
D:7:      layout_basic, nicolae_ossuary_entry_catacombs
D:8:      layout_cave_pools
D:9:      minmay_angry_zag, layout_basic, lair_entry_dummy, uniq_psyche
D:10:     layout_stronghold, chequers_serial_rivers_micro_d, uniq_erica
D:11:     layout_basic, orc_0_dummy
D:12:     layout_loops_ring, serial_shops, nicolae_shop_trees, shop, shop,
          nicolae_shop_drivethru, uniq_sonja, uniq_maurice
D:13:     layout_roguey, hangedman_vaults_entry_quadrant_bands, serial_shops,
          nicolae_square_shop, uniq_jorgrun
D:14:     layout_basic, gauntlet_entry_generic, serial_shops,
          nicolae_shop_bloodbath_and_beyond
D:15:     gammafunk_enter_depths_forms, layout_irregular_city,
          okawaru_gym_becter, fedhas_altar_1
Temple:   hellmonk_temple_divided_pantheon
Lair:1:   layout_regular_city, portal_ice_cave_entry_imps, st_stairs_13,
          lemuel_fruit_tree
Lair:2:   layout_big_grid, shoals_dummy_entry
Lair:3:   layout_hall_layers, nicolae_spider_entry_lesser_pyramids,
          ebering_ghost_funeral_grove, basic_altar, special_room
          [special_room_mythical_zoo], grunt_megastairs_1
Lair:4:   layout_loops_ring, nicolae_slime_entry_field_trip, basic_altar,
          dpeg_oklob_1
Lair:5:   cheibrodos_lair_end_hotspot, layout_gridlike
Shoals:1: layout_shoals
Shoals:2: layout_shoals, nicolae_shoals_spectral_cove
Shoals:3: layout_shoals, nicolae_stop_n_shop_2
Shoals:4: shoals_end_hellmonk_lost_city, uniq_polyphemus
Spider:1: layout_chambers, uniq_rupert, uniq_nikola
Spider:2: layout_spider_delve, nicolae_spider_claw_tunnel,
          hangedman_spider_tarantella_strand
Spider:3: layout_spider_delve
Spider:4: johnstein_spider_rune_arachne_lair, uniq_aizul
Orc:1:    layout_caves, basic_altar, uniq_josephine
Orc:2:    grunt_orc_tribal_feast, layout_caves, serial_shops,
          nicolae_shop_scrapyard
Elf:1:    minmay_elf_arrival_circle, layout_geoelf_octagon,
          hangedman_elf_disciples, minmay_strange_pillars
Elf:2:    nicolae_elf_blades_splatter_lattice [nicolae_blade_bullseye],
          layout_gridlike, grunt_megastairs_2
Elf:3:    elf_hall_gauntlet_wide, layout_onion_city, uniq_roxanne, uniq_norris
Vaults:1: v_misc_25, v_rooms_6, nicolae_vaults_steering_wheel, v_pattern_3,
          nicolae_vaults_windows_and_doors_thing, v_misc_2,
          nicolae_vaults_diamond_2, layout_vaults_chaotic_city, uniq_donald
Vaults:2: nicolae_vaults_rhombus_7, v_alt_pattern_5, special_room_vaults
          [special_room_orc], nicolae_vaults_layer_cake_slice,
          vaults_room_door_ring, v_rooms_3, nicolae_vaults_surprise_closet,
          nicolae_vaults_diamond_1, layout_vaults_omnigrid
Vaults:3: nicolae_vaults_cochlea, minmay_crypt_entry_simple_statues,
          vaults_dpeg_diagonal, nicolae_vaults_house_1,
          nicolae_vaults_weapon_check, nicolae_vaults_security_offices_6,
          v_rooms_4, vaults_dpeg_encased_lava, hangedman_vaults_pinch,
          nicolae_vaults_shrinking_rooms_1, nicolae_vaults_tetromino_Z_1,
          nicolae_vaults_mitosis, vaults_room_corners,
          nicolae_vaults_little_squares_3, nicolae_vaults_trapezoid_4,
          layout_vaults_ring
Vaults:4: hangedman_vaults_unwind, nicolae_vaults_trapezoid_2,
          nicolae_vaults_quadrants, nicolae_vaults_sightless_eye,
          vaults_room_door_hall, v_pattern_4, nicolae_vaults_alarming,
          nicolae_vaults_house_2, nicolae_vaults_prndl,
          nicolae_vaults_border_crossing, ontoclasm_vaults_decontamination,
          vaults_room_large_hall, vaults_dpeg_doors, vaults_room_semicircle,
          layout_vaults_omnibox, serial_shops, bzr_entry_road,
          nicolae_shop_tiny_statue_garden, uniq_jory
Vaults:5
Crypt:1:  layout_rooms, hellmonk_ghost_happy_afterlife,
          nicolae_crypt_paired_memorials, grunt_crypt_arrival_split
Crypt:2:  layout_misc_corridors, roderic_lattice_octagonal_star
Crypt:3:  evilmike_haunted_forest
Depths:1: minmay_distorted_concentric_squares, layout_cave_shapes,
          hangedman_decor_slide_cut, hell_entry,
          hangedman_abyss_or_decor_stagger, nicolae_elyvilon_peaceful_grove,
          grunt_megastairs_5
Depths:2: impenetrable_vault, layout_cave_pools, pan_entry,
          grunt_mini_vestibule, kennysheep_generic_room_10,
          infiniplex_staircase_pool_2, serial_bayou_shore_b, uniq_vv
Depths:3: dreamdust_cat_pyramid, layout_cave_pools, enter_ziggurat_f,
          pf_coc_iceberg, abyss_entry_flame_altar, minmay_misc_feat_nine_boxes,
          uniq_enchantress
Depths:4: evilmike_zot_entry_round, layout_gridlike, kennysheep_flooded_box,
          hell_entry, minmay_shoptagon, uniq_grunn
Zot:1:    grunt_zot_stairs_mandelzot, layout_gridville
Zot:2:    layout_concentric_octagons
Zot:3:    layout_onion_interference, regret_index_zotdec_serpentine_scales,
          grunt_megastairs_3
Zot:4:    layout_cellular_growth
Zot:5:    layout_twisted_circle

Skill      XL: |  1  2  3  4  5  6  7  8  9 10 11 12 13 14 15 16 17 18 19 20 21 22 23 24 25 26 27 |
---------------+----------------------------------------------------------------------------------+-----
Polearms       | 3 4 5 6 7 9 11 12 15 16 17 18 19 20 22 24 25 | 25.5
Dodging        | 1 2 3 4 5 6 8 9 10 11 12 13 14 16 18 19 20 21 22 23 24 | 24.2
Armour         | 4 5 6 7 9 11 13 15 16 17 18 19 20 22 23 24 25 26 | 26.5
Fighting       | 4 5 6 7 8 9 11 12 13 14 15 16 18 20 22 23 24 26 | 26.5
Shields        | 4 5 8 |  8.0
Invocations    | 1 3 4 5 7 8 10 11 | 11.0
Evocations     | 2 4 6 7 8 9 10 13 14 15 | 15.0
Throwing       | 4 7 10 12 15 | 15.0

Action                     |  1- 3 |  4- 6 |  7- 9 | 10-12 | 13-15 | 16-18 | 19-21 | 22-24 | 25-27 || total
---------------------------+-------+-------+-------+-------+-------+-------+-------+-------+-------++-------
  Melee: Trident           |    75 |   158 |   168 |       |       |       |       |    23 |    79 ||   503
         Headbutt          |     6 |    21 |    59 |    76 |   134 |   211 |   150 |   282 |   250 ||  1189
         Halberd           |       |       |   185 |   438 |  1027 |  1077 |   211 |       |       ||  2938
         Glaive            |       |       |       |       |       |       |   725 |   588 |       ||  1313
         Lance             |       |       |       |       |       |       |       |   265 |   366 ||   631
         Bardiche          |       |       |       |       |       |       |       |   225 |   594 ||   819
  Throw: Dart              |       |       |       |     1 |       |     3 |       |       |       ||     4
         Boomerang         |       |       |       |       |    16 |    25 |       |    10 |       ||    51
         Javelin           |       |       |       |       |       |       |       |       |     3 ||     3
 Invoke: Convert to Beogh  |       |     1 |       |       |       |       |       |       |       ||     1
         Recruit Apostle   |       |       |     2 |     2 |     2 |     3 |     1 |     3 |       ||    13
         Recall Apostles   |       |       |     1 |     4 |    13 |    32 |    14 |    25 |    13 ||   102
         Dismiss Apostle   |       |       |       |     2 |     2 |     3 |     1 |     3 |       ||    11
         Blood for Blood   |       |       |       |     1 |     1 |     1 |     1 |     2 |       ||     6
         Smiting           |       |       |       |       |    14 |    23 |    12 |     5 |     8 ||    62
Ability: Evoke Blink       |       |       |       |       |       |     2 |       |       |       ||     2
  Evoke: Wand              |       |       |     4 |     2 |    14 |     4 |     3 |     4 |     5 ||    36
         Sack of spiders   |       |       |       |       |       |     3 |     1 |     1 |       ||     5
         Condenser vane    |       |       |       |       |       |     1 |     2 |     2 |       ||     5
         Phial of floods   |       |       |       |       |       |       |     1 |     1 |       ||     2
         Phantom mirror    |       |       |       |       |       |       |     1 |     2 |     1 ||     4
         Lightning rod     |       |       |       |       |       |       |       |     5 |       ||     5
    Use: Scroll            |       |     8 |     6 |    13 |     9 |     9 |    10 |    34 |    14 ||   103
         Potion            |       |     2 |     4 |     3 |       |     6 |     4 |     6 |    13 ||    38
   Stab: Paralysed         |       |       |     5 |    10 |     4 |     2 |     1 |     8 |     3 ||    33
         Distracted        |       |       |       |     7 |    16 |    24 |    22 |    22 |     9 ||   100
         Petrified         |       |       |       |       |       |     3 |       |       |       ||     3
         Invisible         |       |       |       |       |       |       |     8 |     1 |       ||     9
 Armour: Scale mail        |    38 |    63 |     6 |       |       |       |       |       |       ||   107
         Chain mail        |       |       |   140 |   172 |   404 |       |       |       |       ||   716
         Plate armour      |       |       |       |       |   143 |   834 |   566 |   757 |       ||  2300
         Gold dragon scale |       |       |       |       |       |       |       |    56 |   642 ||   698
  Dodge: Dodged            |    27 |    92 |   177 |   201 |   423 |   517 |   369 |   745 |   697 ||  3248
  Block: Buckler           |    17 |    27 |    26 |       |       |       |       |       |       ||    70

Table legend: (Time is in decaauts)
 A = Elapsed time spent in this place.
 B = Non-inter-level travel time spent in this place.
 C = Inter-level travel time spent in this place.
 D = Time resting spent in this place.
 E = Time spent auto-exploring this place.
 F = Levels seen in this place.
 G = Mean time per level.
                   A        B        C        D        E       F      G
               +--------+--------+--------+--------+--------+-----+--------+
         Total |  69148 |  60188 |   8960 |  10645 |  23912 |  55 | 1257.2 |
       Dungeon |  18705 |  14811 |   3894 |   1836 |   8708 |  15 | 1247.0 |
        Temple |      1 |      1 |      0 |      0 |      0 |   1 |    1.0 |
          Lair |   5906 |   5106 |    800 |    523 |   2521 |   5 | 1181.2 |
        Shoals |   6908 |   6447 |    461 |   2551 |   1074 |   4 | 1727.0 |
   Spider Nest |   6103 |   5496 |    607 |    966 |   2472 |   4 | 1525.8 |
  Orcish Mines |   2446 |   1958 |    488 |    510 |    823 |   2 | 1223.0 |
   Elven Halls |   3965 |   3602 |    363 |    606 |   1253 |   3 | 1321.7 |
        Vaults |   8864 |   7409 |   1455 |    919 |   2215 |   5 | 1772.8 |
         Crypt |   3215 |   2979 |    236 |    339 |   1171 |   3 | 1071.7 |
        Depths |   5656 |   5253 |    403 |   1105 |   1896 |   4 | 1414.0 |
           Zot |   5913 |   5664 |    249 |   1258 |   1392 |   5 | 1182.6 |
        Bazaar |     89 |     89 |      0 |      0 |     37 |   1 |   89.0 |
       Ossuary |    120 |    120 |      0 |      7 |      0 |   1 |  120.0 |
      Ice Cave |    824 |    824 |      0 |      0 |    334 |   1 |  824.0 |
      Gauntlet |    425 |    425 |      0 |     24 |     16 |   1 |  425.0 |
               +--------+--------+--------+--------+--------+-----+--------+

Top non-repeatable levels by time:
Shoals:3: 2230 daAuts
Vaults:1: 2225 daAuts
Shoals:4: 2064 daAuts
Depths:1: 1953 daAuts
 Crypt:3: 1847 daAuts
Spider:1: 1842 daAuts
Spider:4: 1781 daAuts
    D:12: 1753 daAuts
    D:11: 1714 daAuts
Vaults:2: 1700 daAuts
Vaults:5: 1693 daAuts
   Zot:2: 1683 daAuts
   Elf:3: 1675 daAuts
   Orc:2: 1649 daAuts
Vaults:4: 1622 daAuts
